 Dungeon Crawl Stone Soup version 0.23.1-37-gaa34b87b72 (webtiles) character file.

Game seed: 522620126838413101

19056 GGGomer the Cleaver (level 12, -3/108 HPs)
             Began as a Hill Orc Fighter on Mar 26, 2019.
             Was a High Priest of Trog.
             Killed from afar by an oklob plant (8 damage)
             ... with a splash of acid
             ... on level 2 of the Lair of Beasts on Mar 27, 2019.
             The game lasted 00:38:29 (12371 turns).

GGGomer the Cleaver (Hill Orc Fighter)             Turns: 12371, Time: 00:38:29

Health: -3/108     AC:  0    Str: 24    XL:     12   Next: 65%
Magic:  21/21      EV:  7    Int: 12    God:    Trog [*****.]
Gold:   578        SH: 13    Dex: 10    Spells: 11/11 levels left

rFire    + . .     SeeInvis .   T - +4 scimitar (flame)
rCold    + + .     Gourm    .   c - +1 shield
rNeg     . . .     Faith    .   L - +1 plate armour of Apathy {rC+ Int+4}
rPois    .         Spirit   .   (no helmet)
rElec    .         Reflect  .   B - scarf {rC+ rF+}
rCorr    +         Harm     .   N - +2 pair of gloves
MR       ++...                  y - +0 pair of boots
Stlth    ..........             (no amulet)
HPRegen  1.28/turn              D - ring of resist corrosion
MPRegen  0.17/turn              E - ring of magical power

@: corroded, berserk cooldown, starving, regenerating, slowed, very slow
A: deterioration 1
a: Berserk, Trog's Hand, Brothers in Arms, Renounce Religion


You were on level 2 of the Lair of Beasts.
You worshipped Trog.
Trog was extremely pleased with you.
You were starving.

You visited 2 branches of the dungeon, and saw 13 of its levels.
You also visited: Sewer.

You collected 578 gold pieces.

Inventory:

Hand Weapons
 b - the +2 lajatang "Vossepoi" {slice, +Inv rPois rF- Str+9}
   (You found it on level 6 of the Dungeon)

   It inflicts extra damage upon your enemies.
   It affects your strength (+9).
   It makes you vulnerable to fire.
   It protects you from poison.
   It lets you turn invisible.
 i - a +0 hunting sling
 x - a +3 vampiric hand axe
 T - a +4 scimitar of flaming (weapon)
Missiles
 l - 379 stones
 n - 9 tomahawks (quivered)
 w - 8 exploding tomahawks
 K - 138 arrows
 O - 3 poisoned tomahawks
Armour
 c - a +1 shield (worn)
 y - a +0 pair of boots (worn)
 B - a scarf of resistance (worn)
 L - the +1 plate armour of Apathy (worn) {rC+ Int+4}
   (You found it on level 7 of the Dungeon)

   It affects your intelligence (+4).
   It protects you from cold.
 N - a +2 pair of gloves (worn)
Jewellery
 D - a ring of resist corrosion (left hand)
 E - a ring of magical power (right hand)
 P - an uncursed ring of fire {unknown}
Wands
 f - a wand of acid (7)
 C - a wand of digging (7)
 H - a wand of iceblast (11)
 M - a wand of enslavement (9)
Scrolls
 a - 5 scrolls of identify
 e - 5 scrolls of teleportation {unknown}
 g - 5 scrolls of remove curse
 j - 2 scrolls of noise {unknown}
 s - 3 scrolls of magic mapping
 v - 2 scrolls of blinking
 F - 2 scrolls of random uselessness {unknown}
 G - a scroll of fog {unknown}
 I - 3 scrolls of immolation {unknown}
 J - 2 scrolls of enchant armour
 R - a scroll of enchant weapon
 V - a scroll of vulnerability {unknown}
Potions
 d - 6 potions of might
 h - 2 potions of heal wounds {unknown}
 k - 5 potions of mutation
 m - 4 potions of haste {unknown}
 o - 4 potions of curing
 p - 2 potions of berserk rage
 q - 3 potions of magic
 r - 2 potions of lignification
 t - 3 potions of flight
 u - 3 potions of brilliance
 z - 3 potions of agility
 A - a potion of invisibility {unknown}
 Q - 2 potions of cancellation
Comestibles
 U - a ration


   Skills:
 + Level 10.7 Fighting
 + Level 3.4 Long Blades
 + Level 14.8 Axes
 + Level 10.5 Armour
 + Level 3.0 Dodging
 + Level 1.4 Stealth
 + Level 11.4 Shields


You had 11 spell levels left.
You didn't know any spells.
Your spell library was empty.

Dungeon Overview and Level Annotations

Branches:
Dungeon (11/15)            Temple (0/1) D:4            Lair (2/6) D:10
 Spider (0/4) Lair:2          Orc (0/2) D:9
  Swamp: Lair:2-4    Shoals: Lair:2-4

Altars:
Ashenzari
Dithmenos
Elyvilon
Fedhas
Gozag
Kikubaaqudgha
Okawaru
Qazlal
Ru
Sif Muna
Trog
Uskayaw
Xom
The Shining One

Shops:
D:4 [

Annotations:
Lair:2 exclusion: oklob plant


Innate Abilities, Weirdness & Mutations

Your body sometimes deteriorates upon taking damage.


Message History

The oklob plant spits acid at you. The splash of acid hits you. You resist.
* * * LOW HITPOINT WARNING * * *
You are splashed with acid.
You resist.
* * * LOW HITPOINT WARNING * * *
Your skin crawls.
You feel resistant to hostile enchantments.
You are starving!
You hit the oklob plant. You burn the oklob plant.
The oklob plant is lightly damaged.
The oklob plant spits acid at you. The splash of acid hits you! You resist.
* * * LOW HITPOINT WARNING * * *
You are splashed with acid.
You resist.
* * * LOW HITPOINT WARNING * * *
You hit the oklob plant but do no damage.
The oklob plant is lightly damaged.
The oklob plant spits acid at you. The splash of acid hits you! You resist.
You die...

.###........#.......P##...>####.
..............#..###....PP...
.........................
....#PP†PP#.............. .
#%....#..............
#$$..[#....###.P#P##P
#....$##P### ###### # #)$$..####
#...@P# #######


You could see an oklob plant.

Vanquished Creatures
  Erolcha (D:10)
  Harold (D:8)
  A hydra (Lair:2)
  Erica (D:10)
  A two-headed ogre (D:10)
  The ghost of brittlin the Destroyer, a novice DEFE of Vehumet (D:10)
  The ghost of P0WERM0DE the Cleaver, a novice DDFi of Makhleb (D:8)
  2 unseen horrors (D:10)
  A harpy (shapeshifter) (D:10)
  3 oklob plants (Lair:2)
  3 ugly things (D:10)
  A cyclops (D:11)
  4 trolls
  6 hippogriffs
  3 slime creatures (D:10)
  A wyvern (D:11)
  2 wraiths (D:10)
  7 yaks (D:10)
  A basilisk (Lair:2)
  A hungry ghost (D:9)
  A neqoxec (D:10)
  2 wargs (D:10)
  3 porcupines (Lair:2)
  5 ice beasts
  2 sky beasts
  6 orc warriors
  A boggart (shapeshifter) (D:10)
  A wolf (D:10)
  5 centaurs
  4 ogres
  A centaur (shapeshifter) (D:10)
  3 crocodiles (Lair:2)
  3 big kobolds
  6 bullfrogs
  4 scorpions
  A wyvern skeleton (D:8)
  4 killer bees (D:8)
  3 vampire bats (D:6)
  8 wights
  2 electric eels (D:10)
  A spectral bullfrog (D:8)
  A howler monkey (D:10)
  2 crimson imps
  A centaur zombie (D:2)
  4 hounds
  12 orc wizards
  2 bullfrog skeletons
  6 jellies
  9 orc priests
  Crazy Yiuf (D:6)
  A centaur skeleton (D:5)
  3 iguanas
  4 worker ants
  A centaur simulacrum (D:10)
  A hound skeleton (D:8)
  2 river rats (Sewer)
  13 adders
  A river rat (shapeshifter) (D:10)
  2 shadow imps
  2 white imps (D:10)
  2 ufetubi (D:10)
  An adder zombie (D:5)
  4 adder skeletons
  2 worms
  2 dart slugs
  11 leopard geckos
  31 orcs
  A ball python (D:6)
  9 giant cockroaches
  8 goblins
  7 hobgoblins
  15 jackals
  7 quokkas
  17 bats
  4 frilled lizards
  A jackal zombie (D:5)
  15 kobolds
  10 rats
323 creatures vanquished.

Vanquished Creatures (others)
  2 orcs (D:10)
  2 fungi (D:6)
  A plant (Lair:2)
5 creatures vanquished.

Grand Total: 328 creatures vanquished

Notes
Turn   | Place    | Note
-------+----------+-------------------------------------------
     0 | D:1      | GGGomer the Hill Orc Fighter began the quest for the Orb.
     0 | D:1      | Reached XP level 1. HP: 19/19 MP: 1/1
   190 | D:1      | Reached XP level 2. HP: 27/27 MP: 2/2
   213 | D:1      | Reached skill level 3 in Axes
   542 | D:1      | Reached XP level 3. HP: 31/33 MP: 3/3
  1185 | D:2      | Reached skill level 4 in Axes
  1557 | D:2      | Reached XP level 4. HP: 20/40 MP: 4/4
  1913 | D:2      | Reached XP level 5. HP: 23/46 MP: 5/5
  2423 | D:3      | Reached skill level 5 in Axes
  2592 | D:3      | Found an ancient bone altar of Kikubaaqudgha.
  2873 | D:3      | Found a white marble altar of Elyvilon.
  2880 | D:3      | Found an opulent altar of Gozag.
  2885 | D:3      | Found a bloodstained altar of Trog.
  2892 | D:3      | Found a sacrificial altar of Ru.
  2897 | D:3      | Found a deep blue altar of Sif Muna.
  2904 | D:3      | Found a hide-covered altar of Uskayaw.
  2909 | D:3      | Found a shadowy altar of Dithmenos.
  2979 | D:3      | Became a worshipper of Trog the Wrathful
  3069 | D:4      | Found a staircase to the Ecumenical Temple.
  3078 | D:4      | Noticed an ogre
  3083 | D:4      | Reached skill level 1 in Dodging
  3086 | D:4      | Killed an ogre
  3086 | D:4      | Reached skill level 6 in Axes
  3086 | D:4      | Reached XP level 6. HP: 14/53 MP: 6/6
  3493 | D:4      | Reached skill level 7 in Axes
  3901 | D:4      | Found Kiodoul's Antique Armour Boutique.
  3997 | D:4      | Reached XP level 7. HP: 60/60 MP: 7/7
  4254 | D:5      | Entered Level 5 of the Dungeon
  4261 | D:5      | Reached * piety under Trog
  4563 | D:5      | Reached skill level 8 in Axes
  4579 | D:5      | Reached skill level 5 in Shields
  4634 | D:5      | Reached XP level 8. HP: 20/67 MP: 8/8
  4650 | D:5      | Reached skill level 5 in Armour
  5368 | D:6      | Found an iron altar of Okawaru.
  5368 | D:6      | Found a shimmering altar of Xom.
  5407 | D:6      | Reached ** piety under Trog
  5426 | D:6      | Reached skill level 9 in Axes
  5474 | D:6      | Reached skill level 5 in Fighting
  5624 | D:6      | Found a glowing drain.
  5637 | Sewer    | Entered a sewer
  5730 | Sewer    | Found a white marble altar of Elyvilon.
  5845 | D:6      | Found a runed translucent door.
  5846 | D:6      | Noticed Crazy Yiuf
  5945 | D:6      | Found a shattered altar of Ashenzari.
  5993 | D:6      | Reached skill level 10 in Axes
  5997 | D:6      | Reached XP level 9. HP: 74/74 MP: 9/9
  6147 | D:6      | Reached *** piety under Trog
  6240 | D:6      | Killed Crazy Yiuf
  6477 | D:6      | Got a steaming lajatang
  6483 | D:6      | Identified the +2 lajatang "Vossepoi" {slice, +Inv rPois
                  | rF- Str+9} (You found it on level 6 of the Dungeon)
  6507 | D:7      | Found a blossoming altar of Fedhas.
  6507 | D:7      | Found a stormy altar of Qazlal.
  6508 | D:7      | Found a glowing golden altar of the Shining One.
  7227 | D:7      | Got a distressingly furry plate armour
  7238 | D:7      | Identified the +1 plate armour of Apathy {rC+ Int+4} (You
                  | found it on level 7 of the Dungeon)
  7517 | D:8      | Noticed Harold
  7540 | D:8      | Killed Harold
  7540 | D:8      | Reached skill level 11 in Axes
  7540 | D:8      | Reached skill level 1 in Stealth
  7656 | D:8      | Reached XP level 10. HP: 84/84 MP: 10/10
  7742 | D:8      | Found a runed translucent gate.
  7742 | D:8      | Found a runed translucent gate.
  7742 | D:8      | Found a runed translucent gate.
  7746 | D:8      | Noticed P0WERM0DE's ghost (novice DDFi)
  8020 | D:8      | Killed P0WERM0DE's ghost
  8109 | D:9      | Reached skill level 12 in Axes
  8118 | D:9      | Reached **** piety under Trog
  8716 | D:9      | Found a staircase to the Orcish Mines.
  8855 | D:9      | Reached skill level 13 in Axes
  9019 | D:9      | Reached ***** piety under Trog
  9137 | D:10     | Entered Level 10 of the Dungeon
  9189 | D:10     | Noticed Erolcha
  9189 | D:10     | Noticed a two-headed ogre
  9202 | D:10     | Killed a two-headed ogre
  9202 | D:10     | Reached XP level 11. HP: 94/94 MP: 11/11
  9213 | D:10     | Killed Erolcha
  9268 | D:10     | Found a shattered altar of Ashenzari.
  9345 | D:10     | Killed an unseen horror
  9348 | D:10     | Killed an unseen horror
  9348 | D:10     | Reached skill level 10 in Shields
  9471 | D:10     | Noticed Erica
  9494 | D:10     | Killed Erica
  9902 | D:10     | Found a runed translucent gate.
  9902 | D:10     | Found a runed translucent gate.
  9903 | D:10     | Noticed a red ugly thing
  9903 | D:10     | Noticed a white ugly thing
  9903 | D:10     | Noticed a green ugly thing
  9906 | D:10     | Found a runed translucent gate.
  9963 | D:10     | Reached skill level 14 in Axes
 10228 | D:10     | Found a staircase to the Lair.
 10620 | D:10     | Reached XP level 12. HP: 105/105 MP: 12/12
 10868 | D:10     | Reached skill level 10 in Armour
 10874 | D:10     | Found a runed translucent gate.
 10874 | D:10     | Found a runed translucent gate.
 10885 | D:10     | Found a runed translucent gate.
 10894 | D:10     | Noticed brittlin's ghost (novice DEFE)
 10958 | D:11     | Reached skill level 10 in Fighting
 11098 | D:10     | Killed brittlin's ghost
 11178 | D:10     | Gained mutation: Your body sometimes deteriorates upon
                  | taking damage. [mutagenic glow]
 11640 | Lair:1   | Entered Level 1 of the Lair of Beasts
 11654 | Lair:1   | You fall through a shaft!
 11664 | Lair:2   | Noticed a five-headed hydra
 11674 | Lair:2   | Killed a one-headed hydra
 12043 | Lair:2   | Reached skill level 1 in Long Blades
 12215 | Lair:2   | Found a hole to the Spider Nest.
 12320 | Lair:2   | Found the +2 Maxwell's thermic engine {flame, freeze}
 12370 | Lair:2   | HP: 3/108 [acid (5)]
 12371 | Lair:2   | Killed from afar by an oklob plant

Skill      XL: |  1  2  3  4  5  6  7  8  9 10 11 12 |
---------------+-------------------------------------+-----
Axes           | 3 4 6 7 8 10 11 13 14 | 14.8
Fighting       | 4 5 6 7 9 10 | 10.7
Dodging        | 1 2 3 |  3.0
Shields        | 4 5 6 8 9 10 11 | 11.4
Armour         | 4 6 7 8 9 10 | 10.5
Stealth        | 1 |  1.4
Long Blades    | 3 |  3.4

Action                   |  1- 3 |  4- 6 |  7- 9 | 10-12 || total
-------------------------+-------+-------+-------+-------++-------
Melee: War axe           |   125 |   205 |       |       ||   330
       Hand axe          |       |       |   419 |   640 ||  1059
       Scimitar          |       |       |       |    81 ||    81
Invok: Berserk           |       |       |     9 |    12 ||    21
       Trog's Hand       |       |       |       |     3 ||     3
       Brothers in Arms  |       |       |       |     1 ||     1
  Use: Scroll            |       |       |    12 |       ||    12
       Potion            |       |       |       |     2 ||     2
  Eat: Ration            |     2 |     3 |     8 |     3 ||    16
       Chunk             |       |       |     1 |    20 ||    21
Armor: Scale mail        |    83 |    87 |   108 |       ||   278
       Plate armour      |       |       |    66 |   317 ||   383
Dodge: Dodged            |    52 |    71 |    93 |   119 ||   335
Block: Shield            |    82 |   110 |   198 |   326 ||   716
       Rpst.: Scimitar   |       |       |       |     2 ||     2
